 Dungeon Crawl Stone Soup version 0.17-a0-2055-gb4e23be (webtiles) character file.

92 Ijustatesigmund the Conjurer (level 4, -11/27 HPs)
             Began as an Octopode Conjurer on Oct 11, 2015.
             Was an Initiate of Sif Muna.
             Killed by divine providence
             ... invoked by an orc priest
              (12 damage)
             ... on level 3 of the Dungeon.
             The game lasted 00:08:08 (2090 turns).

Ijustatesigmund the Conjurer (Octopode Conjurer)    Turns: 2090, Time: 00:08:09

Health: -11/27     AC:  1    Str:  7    XL:     4   Next: 60%
Magic:  7/7        EV: 12    Int: 23    God:    Sif Muna [......]
Gold:   123        SH:  0    Dex: 12    Spells: 3 memorised, 1 level left

rFire  . . .     SeeInvis .     g - +0 short sword
rCold  . . .     Clarity  .     (no shield)
rNeg   . . .     SustAt   .     (helmet restricted)
rPois  .         Gourm    .     h - amulet of rage
rElec  .         Spirit   .     (no ring)
rCorr  .         Warding  .     (no ring)
rMut   .         Stasis   .     (no ring)
MR     .....                    (no ring)
Stlth  ++++......               (no ring)
                                (no ring)
                                (no ring)
                                (no ring)

@: brilliant, lethally poisoned (-11 -> -16), not resistant to hostile
enchantments, stealthy
A: almost no armour, amphibious, 8 rings, constrict 8, camouflage 1, gelatinous
body 1
a: Renounce Religion, Evoke Berserk Rage


You were on level 3 of the Dungeon.
You worshipped Sif Muna.
Sif Muna was noncommittal.
You were very hungry.

You visited 1 branch of the dungeon, and saw 3 of its levels.

You collected 123 gold pieces.

Inventory:

Hand Weapons
 g - a +0 short sword (weapon)
 k - a +0 hunting sling
Jewellery
 f - an uncursed amulet of resist corrosion {unknown}
 h - an amulet of rage (around mantle)
Scrolls
 j - a scroll of identify
 m - a scroll of fog {unknown}
Potions
 c - a potion of haste {unknown}
 e - a potion of cure mutation
 i - a potion of agility {unknown}
 l - a potion of brilliance
Books
 a - a book of Conjurations

   Spells                             Type                      Level
   a - Magic Dart                     Conjuration                  1
   b - Searing Ray                    Conjuration                  2
   c - Dazzling Spray                 Conjuration/Hexes            3
   d - Fulminant Prism                Conjuration/Hexes            4
   e - Iskenderun's Mystic Blast      Conjuration                  4
   f - Iskenderun's Battlesphere      Conjuration/Charms           5
Comestibles
 b - a bread ration
 d - a meat ration


   Skills:
 + Level 2.0 Short Blades
 - Level 2.0 Dodging
 + Level 4.2 Stealth
 - Level 1.1 Unarmed Combat
 - Level 2.0 Spellcasting
 + Level 4.4 Conjurations
 + Level 1.0 Invocations


You had one spell level left.
You knew the following spells:

 Your Spells              Type           Power        Failure   Level  Hunger
a - Magic Dart            Conj           ####         1%          1    #......
b - Searing Ray           Conj           #####.       1%          2    ##.....
c - Dazzling Spray        Conj/Hex       ####....     2%          3    ###....


Dungeon Overview and Level Annotations

Branches:
Dungeon (3/15)

Altars:
Sif Muna

Annotations:
D:2 Robin


Innate Abilities, Weirdness & Mutations

You cannot wear most types of armour.
You are amphibious.
You can wear up to eight rings at the same time.
You can use your tentacles to constrict eight enemies at once.
Your skin changes colour to match your surroundings (Stealth).
Your rubbery body absorbs attacks (AC +1).


Message History

The orc shouts!
You see here an adder corpse.
You closely miss the orc. You grab the orc. You squeeze the orc.
The orc is heavily wounded.
You constrict the orc, but do no damage.
You feel sick. The orc hits you with a hand axe.
The orc priest calls down the wrath of Beogh upon you.
Something smites you!
Ouch! That really hurt!
* * * LOW HITPOINT WARNING * * *
Read which item? (? for menu, Esc to quit)
Okay, then.
Drink which item? (? for menu, Esc to quit)
It was a potion of brilliance.
You feel clever all of a sudden.
You constrict the orc. The orc hits you with a hand axe.
* * * LOW HITPOINT WARNING * * *
The orc priest calls down the wrath of Beogh upon you.
Something smites you!
You die...

.. .#
###+####o#
........o#
...........#
..........!#
.........o.##
.........@..#
...........#
#....###†..#
#..#...#..#
#. #.⌠.#..#
≈≈#...#..#
#≈≈≈≈###≈.##
≈≈≈≈≈≈≈≈≈..#
≈≈≈≈≈≈≈≈≈..#


You could see an orc priest and 2 orcs.

Vanquished Creatures
  3 adders
  2 gnolls
  An ooze (D:1)
  A ball python (D:1)
  4 bats
  3 giant cockroaches
  7 goblins
  A hobgoblin (D:1)
  5 jackals (D:1)
  7 kobolds
  3 giant newts (D:1)
  5 rats
42 creatures vanquished.

Notes
Turn   | Place    | Note
--------------------------------------------------------------
     0 | D:1      | Ijustatesigmund the Octopode Conjurer began the quest for the Orb.
     0 | D:1      | Reached XP level 1. HP: 11/11 MP: 3/3
   319 | D:1      | Found a deep blue altar of Sif Muna.
   327 | D:1      | Became a worshipper of Sif Muna the Loreminder
   344 | D:1      | Reached XP level 2. HP: 17/17 MP: 3/5
   348 | D:1      | Learned a level 2 spell: Searing Ray
   744 | D:1      | Reached skill level 1 in Short Blades
   891 | D:1      | Reached skill level 1 in Unarmed Combat
   891 | D:1      | Reached XP level 3. HP: 21/21 MP: 0/6
   896 | D:1      | Learned a level 3 spell: Dazzling Spray
  1148 | D:2      | Found a deep blue altar of Sif Muna.
  1152 | D:2      | Noticed Robin
  1604 | D:2      | Reached XP level 4. HP: 23/27 MP: 1/7
  1895 | D:3      | Reached skill level 1 in Invocations
  2090 | D:3      | HP: 1/27 [orc/hand axe (1)]
  2090 | D:3      | Killed from afar by an orc priest

Vault maps used:
D:1:      dpeg_arrival_water_altar
D:2:      old_standard_altar, lemuel_crystal_altar, first_bread,
          hangedman_decor_growths, uniq_robin
D:3:      old_standard_altar, minmay_misc_feat_encased, fountainhead

Action                   |  1- 3 |  4- 6 || total
-------------------------+-------+-------++-------
Melee: Unarmed           |     2 |       ||     2
       Short sword       |    41 |    24 ||    65
 Cast: Magic Dart        |    20 |       ||    20
       Searing Ray       |     4 |       ||     4
  Use: Scroll            |     3 |       ||     3
       Potion            |       |     2 ||     2
 Stab: Sleeping          |     9 |     2 ||    11
  Eat: Chunk             |     2 |     1 ||     3
